 Dungeon Crawl Stone Soup version 0.22-a0-379-ga9d99d6 (webtiles) character file.

81 Gorglomux the Ducker (level 4, -1/37 HPs)
             Began as a Minotaur Earth Elementalist on Apr 28, 2018.
             Was an Initiate of Okawaru.
             Slain by a hobgoblin
             ... wielding a +1 mace of crushing
              (2 damage)
             ... on level 2 of the Dungeon.
             The game lasted 00:03:09 (1974 turns).

Gorglomux the Ducker (Minotaur Earth Elementalist)  Turns: 1974, Time: 00:03:10

Health: -1/37      AC:  2    Str: 13    XL:     4   Next: 19%
Magic:  0/5        EV: 13    Int: 12    God:    Okawaru [......]
Gold:   20         SH:  0    Dex: 11    Spells: 4/5 levels left

rFire    . . .     SeeInvis .   n - +0 spear
rCold    . . .     Gourm    .   (no shield)
rNeg     . . .     Faith    .   c - +0 robe
rPois    .         Spirit   .   (helmet restricted)
rElec    .         Reflect  .   (no cloak)
rCorr    .         Harm     .   (no gloves)
MR       .....                  (no boots)
Stlth    ++........             (no amulet)
HPRegen  0.12/turn              (no ring)
MPRegen  0.09/turn              (no ring)

@: no status effects
A: retaliatory headbutt, horns 2
a: Renounce Religion


You were on level 2 of the Dungeon.
You worshipped Okawaru.
Okawaru was noncommittal.
You were not hungry.

You visited 1 branch of the dungeon, and saw 2 of its levels.

You collected 20 gold pieces.

Inventory:

Hand Weapons
 a - a +0 dagger
 n - a +0 spear (weapon)
Missiles
 b - 88 stones (quivered)
Armour
 c - a +0 robe (worn)
Jewellery
 l - a +3 ring of strength {unknown}
Scrolls
 d - a scroll of enchant armour {unknown}
 f - 2 scrolls of identify {unknown}
 g - a scroll of magic mapping {unknown}
 j - a scroll of blinking {unknown}
 k - a scroll of noise {unknown}
 o - a scroll of remove curse {unknown}
 s - a scroll of teleportation {unknown}
Potions
 h - a potion of flight {unknown}
 i - a potion of haste {unknown}
 m - 2 potions of degeneration {unknown}
 p - a potion of heal wounds {unknown}
 q - a potion of magic {unknown}
 t - a potion of lignification {unknown}
Comestibles
 e - 5 rations
 r - 6 chunks of flesh


   Skills:
 + Level 2.6 Fighting
 + Level 2.4 Armour
 + Level 3.3 Dodging
 - Level 1.5 Stealth
 - Level 1.3 Spellcasting
   Level 0.7 Transmutations
 - Level 2.4 Earth Magic


You had 4 spell levels left.
You knew the following spells:

 Your Spells              Type           Power        Failure   Level  Hunger
a - Sandblast             Erth           #.....       11%         1    ##.....


Dungeon Overview and Level Annotations

Branches:
Dungeon (2/15)

Altars:
Dithmenos
Okawaru


Innate Abilities, Weirdness & Mutations

You reflexively headbutt those who attack you in melee.
You have a pair of horns on your head.


Message History

Press: ? - help, Shift-Dir - straight line, f/p - hobgoblin
Aim: a hobgoblin, wielding a mace of crushing and wearing a chain mail (almost dead)
The blast of sand hits the hobgoblin.
The hobgoblin is almost dead.
b - 88 stones The hobgoblin completely misses you.
You furiously retaliate!
You headbutt the hobgoblin, but do no damage.
The hobgoblin barely misses you.
You hit the hobgoblin but do no damage.
The hobgoblin is almost dead.
The hobgoblin hits you with a mace of crushing.
* * * LOW HITPOINT WARNING * * *
x2 You hit the hobgoblin but do no damage.
Your headbutt misses the hobgoblin.
The hobgoblin is almost dead.
The hobgoblin closely misses you.
You closely miss the hobgoblin. Your headbutt misses the hobgoblin.
The hobgoblin is almost dead.
The hobgoblin hits you with a mace of crushing!
* * * LOW HITPOINT WARNING * * *
You die...

#.# #.#
########.#
#.#
#..)...#.#
#.#
#.####.#.#
#.# #.#
#.#.# !.#
#.# #.#.#
### #.# #.#
#.#.## #..
#.# #@#
#.#..#
#.#.#..##.#
#g# #.##.#
..........#
#.# #.##.#
.%..#####.#
#.# #.##.#
# #.# #.#
#.##.#
#.####.#
#.##.##
#......#
#.....#
########
#######


You could see a hobgoblin.

Vanquished Creatures
  4 adders (D:2)
  A worm (D:2)
  5 giant cockroaches
  5 hobgoblins
  4 kobolds
  5 bats
  7 frilled lizards
  7 goblins
  5 rats
43 creatures vanquished.

Notes
Turn   | Place    | Note
-------+----------+-------------------------------------------
     0 | D:1      | Gorglomux the Minotaur Earth Elementalist began the quest for the Orb.
     0 | D:1      | Reached XP level 1. HP: 14/14 MP: 1/1
   365 | D:1      | Reached skill level 1 in Fighting
   369 | D:1      | Reached skill level 1 in Armour
   369 | D:1      | Reached XP level 2. HP: 19/23 MP: 0/3
  1284 | D:2      | Reached XP level 3. HP: 23/29 MP: 2/4
  1363 | D:2      | Found an iron altar of Okawaru.
  1371 | D:2      | Became a worshipper of Warmaster Okawaru
  1379 | D:2      | Reached skill level 3 in Dodging
  1464 | D:2      | Found a shadowy altar of Dithmenos.
  1763 | D:2      | Reached XP level 4. HP: 37/37 MP: 2/5
  1974 | D:2      | HP: 1/37 [hobgoblin/mace of crushing (9)]
  1974 | D:2      | Slain by a hobgoblin

Vault maps used:
D:1:      dpeg_arrival_tiny_g, minmay_surrounded
D:2:      lemuel_doored_altar, grunt_dithmenos_smoke, minmay_quantized

Skill      XL: |  1  2  3 |
---------------+----------+-----
Fighting       | 1 2 |  2.6
Armour         | 1 2 |  2.4
Dodging        | 3 |  3.3
Stealth        | |  1.5
Spellcasting   | |  1.3
Transmutations | |  0.7
Earth Magic    | |  2.4

Action                   |  1- 3 |  4- 6 || total
-------------------------+-------+-------++-------
Melee: Dagger            |    36 |       ||    36
       Spear             |    54 |    21 ||    75
       Headbutt          |     5 |     3 ||     8
 Cast: Sandblast         |    19 |     8 ||    27
 Stab: Sleeping          |     2 |     1 ||     3
  Eat: Chunk             |     3 |     1 ||     4
Armor: Robe              |    16 |     1 ||    17
Dodge: Dodged            |    67 |    12 ||    79

Table legend:
 A = Spawn XP
 B = Non-spawn XP
 C = Spawn XP percentage of total XP
 D = Spawn monster count
 E = Non-spawn monster count
 F = Spawn count percentage of total count
 G = Total turns spent on level
                    A         B        C        D         E        F      G
               +---------+---------+-------+---------+---------+-------+---------
         Total |       0 |     116 |   0.0 |       0 |      43 |   0.0 |  1974
               +---------+---------+-------+---------+---------+-------+---------
           D:1 |       0 |      36 |   0.0 |       0 |      24 |   0.0 |  1236
           D:2 |       0 |      80 |   0.0 |       0 |      19 |   0.0 |   738
               +---------+---------+-------+---------+---------+-------+---------
